 Dungeon Crawl Stone Soup version 0.28.0-43-g3370ac3207 (webtiles) character file.

Game seed: 5122704954073996026

11031 croobank the Protected (level 11, -8/91 HPs)
             Began as a Minotaur Fighter on Mar 31, 2022.
             Was a Priest of Hepliaklqana.
             Mangled by an eight-headed hydra (9 damage)
             ... on level 11 of the Dungeon.
             The game lasted 00:37:55 (9968 turns).

croobank the Protected (Minotaur Fighter)           Turns: 9968, Time: 00:37:55

Health: -8/91      AC: 21    Str: 26    XL:     11   Next: 44%
Magic:  10/10      EV:  7    Int:  5    God:    Hepliaklqana [***...]
Gold:   369        SH:  6    Dex:  9    Spells: 10/10 levels left

rFire   + . .      SeeInvis .   O - +5 trident
rCold   . . .      Faith    .   c - +0 buckler
rNeg    . . .      Spirit   .   w - +4 plate armour {rF+}
rPois   .          Reflect  .   l - +1 hat
rElec   .          Harm     .   (no cloak)
rCorr   +          Rampage  .   (no gloves)
Will    .....                   d - +0 pair of boots
Stlth   ..........              (no amulet)
HPRegen 0.25/turn               B - ring of resist corrosion
MPRegen 0.12/turn               (no ring)

@: mighty
A: reduced essence, horns 2, retaliatory headbutt
a: Renounce Religion, Recall Ancestor, Ancestor Identity, Transference


You were on level 11 of the Dungeon.
You worshipped Hepliaklqana.
Hepliaklqana was most pleased with you.
You visited 2 branches of the dungeon, and saw 12 of its levels.
You also visited: Sewer.

You collected 434 gold pieces.
You spent 65 gold pieces at shops.

Inventory:

Hand Weapons
 a - a +6 vorpal war axe
 b - a +0 hunting sling
 i - a +2 short sword of speed
 n - a +2 long sword of holy wrath
 K - a +4 spear
 O - a +5 trident (weapon)
 R - a +3 great sword
Missiles
 f - 352 stones
 g - 83 arrows
 m - 26 poisoned darts
 o - 4 boomerangs
 u - 135 sling bullets
 H - 5 atropa-tipped darts
 J - 14 bolts
Armour
 c - a +0 buckler (worn)
 d - a +0 pair of boots (worn)
 l - a +1 hat (worn)
 w - a +4 plate armour of fire resistance (worn)
Jewellery
 y - a ring of ice
 B - a ring of resist corrosion (left hand)
Wands
 q - a wand of charming (3)
 t - a wand of flame (38)
 I - a wand of mindburst (16) (quivered)
 T - a wand of polymorph (6)
Scrolls
 p - 7 scrolls of teleportation
 r - 2 scrolls of immolation
 v - 2 scrolls of magic mapping
 L - 2 scrolls of enchant armour {unknown}
 Q - 5 scrolls of blinking {unknown}
Potions
 e - 5 potions of curing
 h - a potion of brilliance
 j - a potion of invisibility
 k - 2 potions of cancellation
 s - 2 potions of degeneration
 x - 4 potions of magic
 z - a potion of flight
 A - 3 potions of haste
 E - 3 potions of might
 M - 2 potions of ambrosia
 P - a potion of mutation


   Skills:
 + Level 11.5 Fighting
 + Level 11.2 Axes
 + Level 11.5 Armour
 + Level 11.5 Shields


You had 10 spell levels left.
You didn't know any spells.
Your spell library contained the following spells:

 Spells                   Type           Power      Damage    Failure   Level
 Animate Skeleton         Necr           0%         N/A       99%         1
 Apportation              Tloc           0%         N/A       99%         1
 Beastly Appendage        Tmut           0%         N/A       99%         1
 Summon Small Mammal      Summ           0%         N/A       99%         1
 Wereblood                Tmut           0%         N/A       100%        2
 Gell's Gravitas          Tloc           0%         N/A       100%        3
 Lesser Beckoning         Tloc           0%         N/A       100%        3
 Spider Form              Tmut/Pois      0%         N/A       100%        3
 Teleport Other           Tloc           0%         N/A       100%        3
 Summon Forest            Summ/Tloc      0%         N/A       100%        5
 Summon Mana Viper        Hex/Summ       0%         N/A       100%        5
 Summon Cactus Giant      Summ           0%         N/A       100%        6


Dungeon Overview and Level Annotations

Branches:
Dungeon (11/15)            Temple (1/1) D:5            Lair (0/6) D:11
    Orc (0/2) D:9           Sewer (visited)

Altars:
Ashenzari
Cheibriados
Dithmenos
Elyvilon
Fedhas
Hepliaklqana
Nemelex Xobeh
Okawaru
Qazlal
Ru
Sif Muna
Trog
Vehumet
Xom
Yredelemnul
Zin
Jiyva

Shops:
D:1 :   D:2 !   D:8 :   D:10 (

Annotations:
D:8 3 runed translucent doors, xzight's ghost, novice GrFi


Innate Abilities, Weirdness & Mutations

Your life essence is reduced to manifest your ancestor. (-10% HP)
You have a pair of horns on your head.
You reflexively headbutt those who attack you in melee.


Message History

The eight-headed hydra bites you.
You block the eight-headed hydra's attack.
You barely miss the eight-headed hydra.
The eight-headed hydra is heavily wounded.
The eight-headed hydra bites you. The eight-headed hydra bites you!
The eight-headed hydra bites you but does no damage. x3
The eight-headed hydra bites you!
The eight-headed hydra bites you but does no damage. x2
Unknown command.
You hit the eight-headed hydra.
The eight-headed hydra is heavily wounded.
The eight-headed hydra bites you but does no damage.
The eight-headed hydra bites you. x2
* * * LOW HITPOINT WARNING * * *
The eight-headed hydra bites you but does no damage.
The eight-headed hydra barely misses you.
The eight-headed hydra bites you but does no damage. x2
You block the eight-headed hydra's attack.
You feel very mighty all of a sudden.
The eight-headed hydra bites you but does no damage. x3
The eight-headed hydra bites you!
* * * LOW HITPOINT WARNING * * *
The eight-headed hydra bites you.
* * * LOW HITPOINT WARNING * * *
The eight-headed hydra barely misses you.
The eight-headed hydra bites you but does no damage.
The eight-headed hydra bites you!
* * * LOW HITPOINT WARNING * * *
As you read the scroll labelled YSHRIONEFENN, it crumbles to dust.
You hear a loud clanging noise!
It was a scroll of noise.
The eight-headed hydra bites you but does no damage.
The eight-headed hydra bites you.
* * * LOW HITPOINT WARNING * * *
The eight-headed hydra bites you but does no damage.
You block the eight-headed hydra's attack.
The eight-headed hydra bites you but does no damage. x2
The eight-headed hydra barely misses you.
The eight-headed hydra bites you!
You die...

##...............##
##.............!...#
##.....(..[).........
##....................
##...................).
##......................
##..........)............
##........................
#...............@D........
...................>....$.....
.................###..........
................## #.(.......
................# #.........
.........###..[.## ##.........
........## ##....###..........
........# #.................
........## ##.................


You could see an eight-headed hydra.

Vanquished Creatures
  A boulder beetle (D:11)
  A two-headed ogre (D:11)
  Sonja (D:11)
  3 trolls
  A hornet (D:7)
  3 slime creatures (D:11)
  2 shadows
  A wyvern (D:10)
  5 yaks
  2 steam dragons
  3 water moccasins
  3 ice beasts
  A black bear (D:7)
  3 sky beasts
  5 ogres
  A necrophage (D:4)
  An orc warrior (D:9)
  A centaur (D:11)
  4 bullfrogs
  A kobold brigand (D:7)
  3 scorpions
  A water moccasin skeleton (D:5)
  7 killer bees (D:9)
  8 wights
  3 howler monkeys
  2 centaur zombies
  4 crimson imps (D:3)
  3 bullfrog zombies
  An iron imp (D:7)
  5 orc priests
  A jelly (D:8)
  2 centaur skeletons
  2 iguanas
  4 orc wizards
  A killer bee zombie (D:8)
  3 howler monkey zombies
  5 gnolls
  2 adders
  A worm (D:2)
  13 orcs
  3 ball pythons
  9 bats
  2 endoplasms
  6 giant cockroaches
  5 goblins
  5 hobgoblins
  2 quokkas (D:1)
  3 frilled lizards
  8 kobolds
  3 rats
160 creatures vanquished.

Vanquished Creatures (collateral kills)
  A kobold demonologist (D:11)
  A troll (D:11)
  2 slime creatures (D:11)
  2 yaks
  A water moccasin (D:7)
  4 centaurs
  A phantom (D:5)
  A kobold brigand (D:11)
  A bullfrog (D:7)
  8 killer bees (D:9)
  4 wights
  A howler monkey (D:5)
  A gnoll shaman (D:10)
  2 gnolls (D:10)
  A shadow imp (D:7)
  2 orcs
  2 jackals (Sewer)
  3 kobolds
38 creatures vanquished.

Vanquished Creatures (others)
  An acid dragon (D:11)
  A sky beast (D:5)
  A scorpion (D:3)
  4 battlemagi
  2 plants (D:1)
9 creatures vanquished.

Grand Total: 207 creatures vanquished

Notes
Turn   | Place    | Note
-------+----------+-------------------------------------------
     0 | D:1      | croobank the Minotaur Fighter began the quest for the Orb.
     0 | D:1      | Reached XP level 1. HP: 19/19 MP: 0/0
   229 | D:1      | Found Agall's Book Shop.
   356 | D:1      | Reached XP level 2. HP: 19/27 MP: 1/1
  1113 | D:2      | Found Upsuwk Rolo's Distillery.
  1128 | D:2      | Reached XP level 3. HP: 33/33 MP: 2/2
  1132 | D:2      | Bought a potion of heal wounds for 65 gold pieces
  1311 | D:2      | Found a faded altar of an unknown god.
  1459 | D:3      | Found a shimmering altar of Xom.
  1467 | D:3      | Noticed a scorpion
  1533 | D:3      | Reached XP level 4. HP: 20/40 MP: 3/3
  1762 | D:3      | Reached XP level 5. HP: 47/47 MP: 4/4
  2477 | D:4      | Noticed an ogre
  2483 | D:4      | Killed an ogre
  2484 | D:4      | Reached skill level 5 in Fighting
  2484 | D:4      | Reached skill level 5 in Armour
  2484 | D:4      | Reached skill level 5 in Shields
  2484 | D:4      | Reached XP level 6. HP: 16/56 MP: 5/5
  2813 | D:4      | Identified the +0 robe of Entitlement {rC- Regen+ Int+4}
  3135 | D:4      | Identified a scroll of acquirement
  3135 | D:4      | Acquired a +3 vorpal war axe
  3370 | D:5      | Entered Level 5 of the Dungeon
  3387 | D:5      | Found a staircase to the Ecumenical Temple.
  3393 | Temple   | Entered the Ecumenical Temple
  3399 | Temple   | Became a worshipper of Hepliaklqana the Forgotten
  3440 | D:5      | Noticed a sky beast
  3465 | D:5      | Reached skill level 5 in Axes
  3465 | D:5      | Reached XP level 7. HP: 50/62 MP: 6/6
  4148 | D:6      | Reached XP level 8. HP: 41/71 MP: 7/7
  4223 | D:6      | Reached * piety under Hepliaklqana
  4325 | D:6      | Found a glowing drain.
  4330 | Sewer    | Entered a sewer
  5089 | D:6      | Found a radiant altar of Vehumet.
  5550 | D:7      | Found a snail-covered altar of Cheibriados.
  5558 | D:7      | Noticed a hornet
  5569 | D:7      | Killed a hornet
  5616 | D:7      | Reached XP level 9. HP: 60/72 MP: 8/8
  5871 | D:7      | Found a bloodstained altar of Trog.
  5969 | D:7      | Found a blossoming altar of Fedhas.
  6535 | D:8      | Reached ** piety under Hepliaklqana
  6537 | D:8      | Remembered your ancestor Cenhelm as a battlemage
  6631 | D:8      | Found a sacrificial altar of Ru.
  6820 | D:8      | Found Zytroc's Book Shoppe.
  6979 | D:8      | Found a runed translucent gate.
  6979 | D:8      | Found a runed translucent gate.
  6980 | D:8      | Found a runed translucent gate.
  6980 | D:8      | Noticed xzight's ghost (novice GrFi)
  7203 | D:8      | Found a viscous altar of Jiyva.
  7251 | D:9      | Reached XP level 10. HP: 74/81 MP: 9/9
  7405 | D:9      | Found a staircase to the Orcish Mines.
  7787 | D:9      | Reached skill level 10 in Fighting
  7787 | D:9      | Reached skill level 10 in Shields
  7788 | D:9      | Reached skill level 10 in Armour
  8013 | D:10     | Entered Level 10 of the Dungeon
  8280 | D:10     | Reached skill level 10 in Axes
  8430 | D:10     | Reached *** piety under Hepliaklqana
  8634 | D:10     | Found a white marble altar of Elyvilon.
  8809 | D:10     | Found Yreovvoi's Weapon Shoppe.
  8983 | D:10     | Found a basalt altar of Yredelemnul.
  9151 | D:11     | Noticed a boulder beetle
  9199 | D:11     | Killed a boulder beetle
  9200 | D:11     | Reached XP level 11. HP: 71/90 MP: 10/10
  9229 | D:11     | Noticed a sun demon
  9557 | D:11     | Noticed a two-headed ogre
  9561 | D:11     | Noticed an eight-headed hydra
  9567 | D:11     | Killed a two-headed ogre
  9570 | D:11     | Noticed Sonja
  9944 | D:11     | Found a staircase to the Lair.
  9947 | D:11     | Killed Sonja
  9967 | D:11     | HP: 1/91 [eight-headed hydra (11)]
  9968 | D:11     | Mangled by an eight-headed hydra

Illustrated notes

Levels and vault maps discovered:
D:1:      dpeg_arrival_orchard, layout_rooms, serial_forest,
          infiniplex_forest_side_room, infiniplex_forest_diagonal,
          infiniplex_forest_lined_2, infiniplex_forest_lined_1,
          infiniplex_forest_clump_small, infiniplex_forest_lined_room_2,
          infiniplex_forest_end_double, infiniplex_forest_end_2,
          infiniplex_forest_lined_2, serial_shops, shop, hex_large, minivault_5,
          solitary_fountain, minmay_hexomino_u4
D:2:      layout_rooms, serial_shops, shop_fountains,
          shapermc_ecumenical_altar_mp_highgroup
D:3:      layout_loops_cross, led_xom_imps
D:4:      layout_gridville
D:5:      layout_cave_pools, temple_green
D:6:      layout_basic, mainiacjoe_overflow_surrounded_room,
          portal_sewer_entry_e
D:7:      layout_loops_cross, mainiacjoe_overflow_chevrons, lemuel_tele_altar,
          slow_altar_1, minmay_checkerbox
D:8:      layout_loops_ring, mainiacjoe_overflow_boulevard,
          gammafunk_ghost_ooze, serial_shops, nicolae_diamond_shop,
          kennysheep_generic_room_6
D:9:      layout_roguey, orc_0_dummy
D:10:     layout_small_grid, kennysheep_ying_yang, serial_shops, shop
D:11:     layout_big_octagon, lair_entry_dummy, serial_shops, shop_fountains,
          ebering_ghost_xom, uniq_sonja
Temple:   eino_narrow_crystal_temple

Skill      XL: |  1  2  3  4  5  6  7  8  9 10 11 |
---------------+----------------------------------+-----
Armour         | 4 5 6 7 9 10 11 | 11.5
Fighting       | 4 5 6 8 9 10 11 | 11.5
Shields        | 4 5 6 7 9 10 11 | 11.5
Axes           | 3 4 5 6 7 9 10 11 | 11.2

Action                   |  1- 3 |  4- 6 |  7- 9 | 10-12 || total
-------------------------+-------+-------+-------+-------++-------
Melee: War axe           |    81 |    67 |   158 |   100 ||   406
       Headbutt          |     7 |     7 |    23 |    22 ||    59
       Short sword       |       |       |     8 |     5 ||    13
       Trident           |       |       |       |    13 ||    13
 Fire: Hunting sling     |       |     3 |       |       ||     3
Throw: Boomerang         |       |       |    10 |     5 ||    15
Invok: Ancestor Life: Ba |       |       |     1 |       ||     1
Evoke: Wand              |     4 |     2 |     1 |     5 ||    12
  Use: Scroll            |     5 |     5 |     3 |    10 ||    23
       Potion            |       |     2 |       |     6 ||     8
 Stab: Paralysed         |       |       |     3 |     3 ||     6
       Distracted        |       |       |     1 |       ||     1
Armor: Scale mail        |    53 |    32 |    33 |       ||   118
       Plate armour      |       |       |    46 |   187 ||   233
       Chain mail        |       |       |     4 |       ||     4
Dodge: Dodged            |    48 |    31 |    54 |    72 ||   205
Block: Buckler           |    17 |     9 |    39 |    58 ||   123
